Blues vs Red Wings

Created - 4 avril 2024 at 08:27

Goals
1 2 3 T
Blues 0 1 0 1
Red Wings 1 1 2 4
Shots
1 2 3 T
Blues 9 9 10 28
Red Wings 17 8 11 36

GoalsPenalties
1st period
1. Red Wings , Kyle Okposo 7 (John Tavares 35) at 18:18
No Penalty
2nd period
2. Red Wings , Mark Scheifele 26 (David Pastrnak 39) at 4:59
3. Blues , Patrik Laine 22 (Jamie Benn 44) at 19:37 (PP)
Kyle Okposo (DET) for Slashing (Minor) at 5:13
Juuso Valimaki (DET) for Holding (Minor) at 19:35
3rd period
4. Red Wings , John Tavares 25 (Oliver Bjorkstrand 23) at 3:48
5. Red Wings , David Pastrnak 28 (Justin Holl 9, Marc-Andre Fleury) at 6:52
Juuso Valimaki (DET) for Roughing (Minor) at 8:34
Torey Krug (STL) for Roughing (Minor) at 18:03
Goalie Stats
Jonathan Quick (STL), 32 saves from 36 shots - (0,889), L, 20-24-1, 60:00 minutes
Marc-Andre Fleury (DET), 27 saves from 28 shots - (0,964), W, 24-14-1, 60:00 minutes
3 StarsOfficial
1 - John Tavares (DET)
2 - David Pastrnak (DET)
3 - Marc-Andre Fleury (DET)
Referees : Adam Bloski and Stephen Hiff
Linesman : Kelsey Mahoney and Jim Harper
Game Note
No Game Note
Finance
Level 1 -- Attendance: 3666 (61,10%) -- Ticket Income $476,580
Level 2 -- Attendance: 3138 (62,76%) -- Ticket Income $266,730
Level 3 -- Attendance: 1319 (65,95%) -- Ticket Income $65,950
Level 4 -- Attendance: 3477 (86,93%) -- Ticket Income $86,925
Luxury Box -- Attendance: 643 (64,30%) -- Ticket Income $160,750
Game was played at the Octopus Arena.
Total Attendance: 12243 (68,02%)
Total Ticket Income: $1,056,935
Other Income: $517,898
Total Income: $1,574,833



Team Name Goals Shots Shots Attemp Shots Blocked PIM HIT PP PK FO%
Blues 12860102181 / 3 (33%)045%
Red Wings 43663106250 / 1 (0%)155%

Blues
Player Name POS G A P +/- PIM HIT SHT SB MP PP MP PP SHT PK MP PK SHT FO% FOT GA TA
Artturi LehkonenLW/RW000-1011120:331:2800:5500% 200
Dawson MercerC/RW0000012012:510:0000:170100% 100
Derick BrassardC/LW000-102009:210:0001:0800% 000
Evan RodriguesC/LW/RW0000012012:340:0000:00060% 500
Filip ForsbergLW/RW000-2013116:531:2800:0000% 000
Jack JohnsonD000-1000324:161:1001:0300% 002
Jamie BennC/LW011-1031020:242:3200:00063% 2700
Jordie BennD000-3010114:540:0000:5300% 000
Marcus JohanssonC/LW/RW000-2001017:101:2800:17013% 1600
Michael BuntingLW0000004013:210:0000:4700% 010
Morgan RiellyD0000011225:242:5000:0000% 001
Neal PionkD000-1020019:421:1001:0300% 000
Patrik LaineLW/RW101-1007020:242:3220:0000% 000
Pavel BuchnevichLW/RW000-2043018:072:3200:28050% 200
Rasmus RistolainenD0000001219:000:0000:5300% 001
Sonny MilanoC/LW/RW000-100208:130:0000:00033% 300
Torey KrugD000-3200016:432:5000:0000% 001
Zachary SanfordLW/RW000-101008:130:0000:0000% 000
Red Wings
Player Name POS G A P +/- PIM HIT SHT SB MP PP MP PP SHT PK MP PK SHT FO% FOT GA TA
Brett PesceD0003001120:391:0100:0000% 001
Connor BrownLW/RW0000004112:150:2501:5500% 000
David PastrnakLW/RW1121019018:290:3300:0600% 000
Dylan DeMeloD0001041121:041:0101:5400% 000
Jeff PetryD0000020119:250:5502:0600% 000
John TavaresC/LW1122012116:190:5800:04067% 2400
Jujhar KhairaC/LW/RW000002109:330:0000:000100% 200
Justin HollRW/D0113020122:470:5502:0600% 000
Juuso ValimakiD0000401016:290:0000:0000% 000
Kailer YamamotoC/LW/RW0001053114:050:4701:5900% 110
Kyle OkposoLW/RW1012203015:160:0000:0000% 100
Lars EllerC/LW/RW0001001013:550:5801:55050% 410
Mark ScheifeleC/RW1011016018:230:3300:00031% 1310
Michael CarconeC/LW/RW000001009:330:0000:00060% 500
Noel AcciariC/LW/RW0001030013:250:0002:01050% 400
Oliver BjorkstrandLW/RW0112001115:580:5800:0000% 020
Radko GudasD0001022219:560:0001:5400% 000
Viktor ArvidssonLW/RW0001011018:260:3600:000100% 200

Blues

5 vs 5 Forward
Line #Left WingCenterRight WingPHYDFOFWanted %Time %Time Play
1Artturi LehkonenJamie BennPatrik Laine0233433%17:52
2Pavel BuchnevichMarcus JohanssonFilip Forsberg0233229%15:25
3Michael BuntingEvan RodriguesDawson Mercer0232423%12:34
4Derick BrassardSonny MilanoZachary Sanford0231015%8:13
5 vs 5 Defense
Line #DefenseDefensePHYDFOFWanted %Time %Time Play
1Rasmus RistolainenMorgan Rielly1223334%18:23
2Neal PionkJack Johnson1223332%17:17
3Torey KrugJordie Benn1222425%13:38
4Jack JohnsonMorgan Rielly122109%4:46
Power Play Forward
Line #Left WingCenterRight WingPHYDFOFWanted %Time %Time Play
1Pavel BuchnevichJamie BennPatrik Laine1227063%2:32
2Artturi LehkonenMarcus JohanssonFilip Forsberg1223037%1:28
Power Play Defense
Line #DefenseDefensePHYDFOFWanted %Time %Time Play
1Torey KrugMorgan Rielly1226071%2:50
2Neal PionkJack Johnson1224029%1:10
Penalty Kill 4 Players Forward
Line #CenterWingPHYDFOFWanted %Time %Time Play
1Artturi LehkonenDerick Brassard0416085%1:39
2Dawson MercerMarcus Johansson0414015%0:17
Penalty Kill 4 Players Defense
Line #DefenseDefensePHYDFOFWanted %Time %Time Play
1Rasmus RistolainenJordie Benn0416046%0:53
2Neal PionkJack Johnson0414054%1:03
Penalty Kill 3 Players
Line #WingPHYDFOFWanted %Time %Time PlayDefenseDefensePHYDFOFWanted %Time %Time Play
1Artturi Lehkonen050500%0:00 Rasmus RistolainenJordie Benn050500%0:00
2Marcus Johansson050500%0:00 Neal PionkJack Johnson050500%0:00
4 vs 4 Forward
Line #CenterWingPHYDFOFWanted %Time %Time Play
1Dawson MercerArtturi Lehkonen023500%0:00
2Marcus JohanssonFilip Forsberg023500%0:00
4 vs 4 Defense
Line #DefensePHYDFOFWanted %Time %Time Play
1Torey KrugMorgan Rielly032500%0:00
2Neal PionkJack Johnson032500%0:00
Last Minutes Offensive
Left WingCenterRight WingDefenseDefense
Patrik LaineJamie BennFilip ForsbergRasmus RistolainenMorgan Rielly
Last Minutes Defensive
Left WingCenterRight WingDefenseDefense
Marcus JohanssonArtturi LehkonenFilip ForsbergRasmus RistolainenJack Johnson
Time
Total ForwardTotal DefenseLast Minutes OffensiveLast Minutes Defensive
60:00 60:00 0:000:00
Extra Forwards
Normal PowerPlayPenalty Kill
Filip Forsberg, Dawson Mercer, Derick BrassardEvan Rodrigues, Dawson MercerMichael Bunting
Extra Defensemen
Normal PowerPlayPenalty Kill
Neal Pionk, Torey Krug, Morgan RiellyJack Johnson, Rasmus RistolainenMorgan Rielly
Penalty Shots
Marcus Johansson, Patrik Laine, Filip Forsberg, Jamie Benn, Artturi Lehkonen
Goalie
Jonathan Quick, Vadim Zherenko
Custom OT Lines Forwards
Evan Rodrigues, Dawson Mercer, Artturi Lehkonen, Derick Brassard, Zachary Sanford, Marcus Johansson, Filip Forsberg, Patrik Laine, Michael Bunting, Sonny Milano
Custom OT Lines Defensemen
Rasmus Ristolainen, Neal Pionk, Morgan Rielly, Torey Krug, Jack Johnson
Scratches
Nathan Bastian (Healthy), Jarred Tinordi (Healthy), Wyatt Kaiser (Healthy)

Red Wings

5 vs 5 Forward
Line #Left WingCenterRight WingPHYDFOFWanted %Time %Time Play
1David PastrnakMark ScheifeleViktor Arvidsson0323434%18:12
2Oliver BjorkstrandJohn TavaresKyle Okposo0233228%15:17
3Kailer YamamotoNoel AcciariLars Eller1222420%11:02
4Connor BrownMichael CarconeJujhar Khaira1221018%9:33
5 vs 5 Defense
Line #DefenseDefensePHYDFOFWanted %Time %Time Play
1Justin HollBrett Pesce0323636%19:38
2Dylan DeMeloRadko Gudas0323635%18:45
3Jeff PetryJuuso Valimaki0412829%15:34
4Jeff PetryDylan DeMelo12200%0:07
Power Play Forward
Line #Left WingCenterRight WingPHYDFOFWanted %Time %Time Play
1David PastrnakJohn TavaresMark Scheifele0056050%0:58
2Oliver BjorkstrandLars EllerViktor Arvidsson0054050%0:58
Power Play Defense
Line #DefenseDefensePHYDFOFWanted %Time %Time Play
1Justin HollJeff Petry0145047%0:55
2Dylan DeMeloBrett Pesce0145053%1:01
Penalty Kill 4 Players Forward
Line #CenterWingPHYDFOFWanted %Time %Time Play
1Noel AcciariConnor Brown0505050%2:01
2Lars EllerKailer Yamamoto0505050%1:59
Penalty Kill 4 Players Defense
Line #DefenseDefensePHYDFOFWanted %Time %Time Play
1Dylan DeMeloRadko Gudas1405048%1:54
2Justin HollJeff Petry1405053%2:06
Penalty Kill 3 Players
Line #WingPHYDFOFWanted %Time %Time PlayDefenseDefensePHYDFOFWanted %Time %Time Play
1Lars Eller050500%0:00 Jeff PetryRadko Gudas140500%0:00
2Noel Acciari050500%0:00 Brett PesceJustin Holl140500%0:00
4 vs 4 Forward
Line #CenterWingPHYDFOFWanted %Time %Time Play
1Mark ScheifeleDavid Pastrnak014500%0:00
2John TavaresOliver Bjorkstrand023500%0:00
4 vs 4 Defense
Line #DefensePHYDFOFWanted %Time %Time Play
1Justin HollJeff Petry032500%0:00
2Radko GudasDylan DeMelo032500%0:00
Last Minutes Offensive
Left WingCenterRight WingDefenseDefense
David PastrnakJohn TavaresMark ScheifeleJeff PetryBrett Pesce
Last Minutes Defensive
Left WingCenterRight WingDefenseDefense
Lars EllerMark ScheifeleConnor BrownJeff PetryBrett Pesce
Time
Total ForwardTotal DefenseLast Minutes OffensiveLast Minutes Defensive
60:00 60:00 0:000:00
Extra Forwards
Normal PowerPlayPenalty Kill
Kailer Yamamoto, Oliver Bjorkstrand, Viktor ArvidssonLars Eller, Kailer YamamotoConnor Brown
Extra Defensemen
Normal PowerPlayPenalty Kill
Juuso Valimaki, Justin Holl, Radko GudasJuuso Valimaki, Juuso ValimakiRadko Gudas
Penalty Shots
Oliver Bjorkstrand, David Pastrnak, Kyle Okposo, Lars Eller, Kailer Yamamoto
Goalie
Marc-Andre Fleury, Carter Hart
Custom OT Lines Forwards
David Pastrnak, Viktor Arvidsson, Mark Scheifele, John Tavares, Lars Eller, Oliver Bjorkstrand, Kyle Okposo, Noel Acciari, Kailer Yamamoto, Connor Brown
Custom OT Lines Defensemen
Brett Pesce, Justin Holl, Radko Gudas, Jeff Petry, Dylan DeMelo
Scratches
Scott Harrington (Healthy)


Play-by-Play

1st period


0:01 of 1st period - Jamie Benn wins face-off versus Mark Scheifele in neutral zone.
0:33 of 1st period - Snap shot by Kyle Okposo.
0:33 of 1st period - Shot Hit the Post.
0:35 of 1st period - Wrist shot by Dylan DeMelo.
0:35 of 1st period - Stopped by Jonathan Quick with a rebound.
0:45 of 1st period - Snap shot by Kailer Yamamoto.
0:45 of 1st period - Stopped by Jonathan Quick with a rebound.
0:48 of 1st period - Icing by Rasmus Ristolainen.
0:49 of 1st period - Dawson Mercer wins face-off versus Kailer Yamamoto in Blues zone.
1:02 of 1st period - Slapshot by Kailer Yamamoto.
1:02 of 1st period - Stopped by Jonathan Quick without a rebound.
1:03 of 1st period - Jujhar Khaira wins face-off versus Sonny Milano in Blues zone.
1:14 of 1st period - Snap shot by Michael Carcone.
1:14 of 1st period - Shot Misses the Net.
1:28 of 1st period - Filip Forsberg is hit by Jeff Petry and loses puck.
2:15 of 1st period - Slapshot by Justin Holl.
2:15 of 1st period - Shot Misses the Net.
2:17 of 1st period - Wrist shot by Lars Eller.
2:17 of 1st period - Stopped by Jonathan Quick with a rebound.
2:21 of 1st period - Wrist shot by Kailer Yamamoto.
2:21 of 1st period - Stopped by Jonathan Quick with a rebound.
2:41 of 1st period - Snap shot by Connor Brown.
2:41 of 1st period - Stopped by Jonathan Quick with a rebound.
2:57 of 1st period - Slapshot by Filip Forsberg.
2:57 of 1st period - Deflect By Pavel Buchnevich.
2:57 of 1st period - Shot Blocked by Radko Gudas.
2:57 of 1st period - Puck is out of play.
2:58 of 1st period - John Tavares wins face-off versus Marcus Johansson in Red Wings zone.
3:03 of 1st period - Pavel Buchnevich is hit by Justin Holl and loses puck.
3:12 of 1st period - Slapshot by Rasmus Ristolainen.
3:12 of 1st period - Stopped by Marc-Andre Fleury with a rebound.
3:14 of 1st period - Snap shot by Pavel Buchnevich.
3:14 of 1st period - Stopped by Marc-Andre Fleury without a rebound.
3:15 of 1st period - Viktor Arvidsson wins face-off versus Jamie Benn in Red Wings zone.
3:30 of 1st period - Snap shot by David Pastrnak.
3:30 of 1st period - Shot Blocked by Jack Johnson.
3:48 of 1st period - Snap shot by Evan Rodrigues.
3:48 of 1st period - Deflect By Kyle Okposo.
3:48 of 1st period - Stopped by Marc-Andre Fleury with a rebound.
4:04 of 1st period - Wrist shot by Filip Forsberg.
4:04 of 1st period - Stopped by Marc-Andre Fleury without a rebound.
4:05 of 1st period - Noel Acciari wins face-off versus Marcus Johansson in Red Wings zone.
4:46 of 1st period - Snap shot by Pavel Buchnevich.
4:46 of 1st period - Shot Misses the Net.
4:48 of 1st period - Wrist shot by Marcus Johansson.
4:48 of 1st period - Stopped by Marc-Andre Fleury without a rebound.
4:49 of 1st period - Jamie Benn wins face-off versus Mark Scheifele in Red Wings zone.
4:54 of 1st period - Slapshot by Patrik Laine.
4:54 of 1st period - Shot Misses the Net.
5:37 of 1st period - Snap shot by Sonny Milano.
5:37 of 1st period - Stopped by Marc-Andre Fleury without a rebound.
5:38 of 1st period - Jujhar Khaira wins face-off versus Sonny Milano in Red Wings zone.
5:53 of 1st period - Slapshot by Sonny Milano.
5:53 of 1st period - Shot Misses the Net.
6:03 of 1st period - Connor Brown is hit by Evan Rodrigues and loses puck.
6:10 of 1st period - Slapshot by Dylan DeMelo.
6:10 of 1st period - Shot Blocked by Morgan Rielly.
6:12 of 1st period - Wrist shot by Brett Pesce.
6:12 of 1st period - Shot Blocked by Jack Johnson.
6:14 of 1st period - Snap shot by Jujhar Khaira.
6:14 of 1st period - Stopped by Jonathan Quick with a rebound.
6:16 of 1st period - Wrist shot by Brett Pesce.
6:16 of 1st period - Shot Blocked by Morgan Rielly.
6:18 of 1st period - Snap shot by Connor Brown.
6:18 of 1st period - Stopped by Jonathan Quick with a rebound.
6:20 of 1st period - Slapshot by Justin Holl.
6:20 of 1st period - Deflect By Jujhar Khaira.
6:20 of 1st period - Shot Misses the Net.
6:20 of 1st period - Puck is out of play.
6:21 of 1st period - Jamie Benn wins face-off versus Mark Scheifele in Blues zone.
7:15 of 1st period - Backhand shot by Dawson Mercer.
7:15 of 1st period - Stopped by Marc-Andre Fleury without a rebound.
7:16 of 1st period - Mark Scheifele wins face-off versus Jamie Benn in Red Wings zone.
7:16 of 1st period - Mark Scheifele is hit by Jamie Benn.
7:42 of 1st period - Radko Gudas is hit by Pavel Buchnevich and loses puck.
7:47 of 1st period - Wrist shot by Filip Forsberg.
7:47 of 1st period - Shot Misses the Net.
7:49 of 1st period - Snap shot by Marcus Johansson.
7:49 of 1st period - Shot Blocked by Radko Gudas.
7:51 of 1st period - Wrist shot by Pavel Buchnevich.
7:51 of 1st period - Stopped by Marc-Andre Fleury with a rebound.
9:12 of 1st period - Icing by Morgan Rielly.
9:13 of 1st period - Mark Scheifele wins face-off versus Marcus Johansson in Blues zone.
9:18 of 1st period - Wrist shot by Mark Scheifele.
9:18 of 1st period - Shot Blocked by Rasmus Ristolainen.
9:20 of 1st period - Snap shot by Juuso Valimaki.
9:20 of 1st period - Stopped by Jonathan Quick with a rebound.
9:22 of 1st period - Slapshot by Jeff Petry.
9:22 of 1st period - Deflect By Viktor Arvidsson.
9:22 of 1st period - Stopped by Jonathan Quick with a rebound.
9:24 of 1st period - Snap shot by Mark Scheifele.
9:24 of 1st period - Deflect By David Pastrnak.
9:24 of 1st period - Stopped by Jonathan Quick with a rebound.
9:26 of 1st period - Slapshot by Jeff Petry.
9:26 of 1st period - Deflect By David Pastrnak.
9:26 of 1st period - Stopped by Jonathan Quick with a rebound.
9:30 of 1st period - Snap shot by Mark Scheifele.
9:30 of 1st period - Stopped by Jonathan Quick without a rebound.
9:31 of 1st period - Jamie Benn wins face-off versus John Tavares in Blues zone.
9:31 of 1st period - Jamie Benn is hit by Dylan DeMelo.
9:43 of 1st period - Slapshot by Jamie Benn.
9:43 of 1st period - Stopped by Marc-Andre Fleury with a rebound.
9:45 of 1st period - Wrist shot by Artturi Lehkonen.
9:45 of 1st period - Shot Misses the Net.
9:47 of 1st period - Snap shot by Jack Johnson.
9:47 of 1st period - Shot Misses the Net.
10:59 of 1st period - Wrist shot by Connor Brown.
10:59 of 1st period - Deflect By Michael Carcone.
10:59 of 1st period - Shot Hit the Post.
10:59 of 1st period - Puck is out of play.
11:00 of 1st period - Evan Rodrigues wins face-off versus John Tavares in Blues zone.
11:17 of 1st period - Michael Bunting is hit by Justin Holl and loses puck.
11:29 of 1st period - Off-side.
11:30 of 1st period - Mark Scheifele wins face-off versus Jamie Benn in neutral zone.
11:55 of 1st period - Snap shot by Mark Scheifele.
11:55 of 1st period - Shot Misses the Net.
11:57 of 1st period - Snap shot by David Pastrnak.
11:57 of 1st period - Stopped by Jonathan Quick with a rebound.
11:59 of 1st period - Slapshot by Brett Pesce.
11:59 of 1st period - Shot Misses the Net.
12:01 of 1st period - Wrist shot by Mark Scheifele.
12:01 of 1st period - Shot Misses the Net.
12:09 of 1st period - Wrist shot by David Pastrnak.
12:09 of 1st period - Stopped by Jonathan Quick with a rebound.
12:11 of 1st period - Slapshot by Justin Holl.
12:11 of 1st period - Shot Misses the Net.
12:23 of 1st period - Snap shot by David Pastrnak.
12:23 of 1st period - Shot Misses the Net.
13:13 of 1st period - Snap shot by David Pastrnak.
13:13 of 1st period - Deflect By Artturi Lehkonen.
13:13 of 1st period - Shot Blocked by Artturi Lehkonen.
13:13 of 1st period - Puck is out of play.
13:14 of 1st period - John Tavares wins face-off versus Marcus Johansson in Blues zone.
14:02 of 1st period - Lars Eller is hit by Zachary Sanford and loses puck.
16:11 of 1st period - Michael Bunting is hit by Kailer Yamamoto and loses puck.
17:14 of 1st period - Radko Gudas is hit by Jamie Benn and loses puck.
17:41 of 1st period - Rasmus Ristolainen is hit by Michael Carcone and loses puck.
18:05 of 1st period - Icing by Oliver Bjorkstrand.
18:06 of 1st period - John Tavares wins face-off versus Marcus Johansson in Red Wings zone.
18:16 of 1st period - Slapshot by John Tavares.
18:16 of 1st period - Deflect By Kyle Okposo.
18:16 of 1st period - Stopped by Jonathan Quick with a rebound.
18:18 of 1st period - Slapshot by Kyle Okposo.
18:18 of 1st period - Goal by Kyle Okposo - Blues : 0 - Red Wings : 1.
18:19 of 1st period - Jamie Benn wins face-off versus John Tavares in neutral zone.
19:09 of 1st period - Evan Rodrigues is hit by Dylan DeMelo and loses puck.
19:35 of 1st period - Kyle Okposo is hit by Derick Brassard and loses puck.
Goals for this period are 0 for Blues vs 1 for Red Wings.
Shots for this period are 9 for Blues vs 17 for Red Wings.

2nd period


0:01 of 2nd period - Jamie Benn wins face-off versus Mark Scheifele in neutral zone.
1:09 of 2nd period - Snap shot by Jujhar Khaira.
1:09 of 2nd period - Shot Blocked by Jack Johnson.
1:11 of 2nd period - Slapshot by Connor Brown.
1:11 of 2nd period - Shot Misses the Net.
1:13 of 2nd period - Snap shot by Connor Brown.
1:13 of 2nd period - Stopped by Jonathan Quick with a rebound.
1:15 of 2nd period - Snap shot by Jeff Petry.
1:15 of 2nd period - Deflect By Michael Carcone.
1:15 of 2nd period - Shot Misses the Net.
1:15 of 2nd period - Puck is out of play.
1:16 of 2nd period - Jamie Benn wins face-off versus Michael Carcone in Blues zone.
1:25 of 2nd period - Wrist shot by Artturi Lehkonen.
1:25 of 2nd period - Shot Misses the Net.
1:53 of 2nd period - David Pastrnak is hit by Jordie Benn and loses puck.
2:06 of 2nd period - Mark Scheifele is hit by Pavel Buchnevich and loses puck.
2:26 of 2nd period - Wrist shot by David Pastrnak.
2:26 of 2nd period - Stopped by Jonathan Quick with a rebound.
2:28 of 2nd period - Wrist shot by David Pastrnak.
2:28 of 2nd period - Shot Hit the Post.
2:30 of 2nd period - Slapshot by Mark Scheifele.
2:30 of 2nd period - Shot Blocked by Filip Forsberg.
2:32 of 2nd period - Snap shot by Mark Scheifele.
2:32 of 2nd period - Stopped by Jonathan Quick with a rebound.
2:34 of 2nd period - Slapshot by Justin Holl.
2:34 of 2nd period - Deflect By Viktor Arvidsson.
2:34 of 2nd period - Shot Hit the Post.
2:34 of 2nd period - Puck is out of play.
2:35 of 2nd period - John Tavares wins face-off versus Jamie Benn in Blues zone.
4:12 of 2nd period - Snap shot by Patrik Laine.
4:12 of 2nd period - Stopped by Marc-Andre Fleury without a rebound.
4:13 of 2nd period - Pavel Buchnevich wins face-off versus John Tavares in Red Wings zone.
4:38 of 2nd period - Dawson Mercer is hit by Radko Gudas and loses puck.
4:59 of 2nd period - Wrist shot by Mark Scheifele.
4:59 of 2nd period - Goal by Mark Scheifele - Blues : 0 - Red Wings : 2.
5:00 of 2nd period - John Tavares wins face-off versus Jamie Benn in neutral zone.
5:13 of 2nd period - Minor Penalty to Kyle Okposo for Slashing.
5:14 of 2nd period - Jamie Benn wins face-off versus Noel Acciari in Red Wings zone.
5:19 of 2nd period - Snap shot by Patrik Laine.
5:19 of 2nd period - Stopped by Marc-Andre Fleury without a rebound.
5:20 of 2nd period - Noel Acciari wins face-off versus Jamie Benn in Red Wings zone.
5:55 of 2nd period - Justin Holl is hit by Artturi Lehkonen and loses puck.
6:40 of 2nd period - Patrik Laine is hit by Kailer Yamamoto and loses puck.
7:13 of 2nd period - Penalty to Kyle Okposo is over, Kyle Okposo is back on ice.
7:44 of 2nd period - Snap shot by David Pastrnak.
7:44 of 2nd period - Shot Misses the Net.
8:10 of 2nd period - Zachary Sanford is hit by Jujhar Khaira and loses puck.
8:31 of 2nd period - Wrist shot by Sonny Milano.
8:31 of 2nd period - Shot Misses the Net.
8:33 of 2nd period - Wrist shot by Rasmus Ristolainen.
8:33 of 2nd period - Shot Blocked by Brett Pesce.
8:35 of 2nd period - Wrist shot by Michael Bunting.
8:35 of 2nd period - Stopped by Marc-Andre Fleury with a rebound.
9:03 of 2nd period - Marcus Johansson is hit by Kailer Yamamoto and loses puck.
10:23 of 2nd period - Artturi Lehkonen is hit by David Pastrnak and loses puck.
10:34 of 2nd period - Slapshot by Filip Forsberg.
10:34 of 2nd period - Stopped by Marc-Andre Fleury without a rebound.
10:35 of 2nd period - Michael Carcone wins face-off versus Marcus Johansson in Red Wings zone.
10:48 of 2nd period - Wrist shot by Filip Forsberg.
10:48 of 2nd period - Shot Misses the Net.
11:10 of 2nd period - Jamie Benn is hit by Dylan DeMelo and loses puck.
11:58 of 2nd period - Patrik Laine is hit by Viktor Arvidsson and loses puck.
13:00 of 2nd period - Wrist shot by Viktor Arvidsson.
13:00 of 2nd period - Deflect By Mark Scheifele.
13:00 of 2nd period - Stopped by Jonathan Quick without a rebound.
13:01 of 2nd period - John Tavares wins face-off versus Marcus Johansson in Blues zone.
13:35 of 2nd period - Slapshot by Neal Pionk.
13:35 of 2nd period - Shot Misses the Net.
13:37 of 2nd period - Snap shot by Neal Pionk.
13:37 of 2nd period - Shot Misses the Net.
14:37 of 2nd period - Juuso Valimaki is hit by Pavel Buchnevich and loses puck.
15:01 of 2nd period - Torey Krug is hit by Noel Acciari and loses puck.
15:20 of 2nd period - Filip Forsberg is hit by John Tavares and loses puck.
15:35 of 2nd period - Icing by Justin Holl.
15:36 of 2nd period - Michael Carcone wins face-off versus Evan Rodrigues in Red Wings zone.
15:46 of 2nd period - Michael Carcone is hit by Dawson Mercer.
15:47 of 2nd period - Icing by Michael Carcone.
15:48 of 2nd period - Michael Carcone wins face-off versus Marcus Johansson in Red Wings zone.
15:55 of 2nd period - Pavel Buchnevich is hit by Jujhar Khaira and loses puck.
16:08 of 2nd period - Snap shot by Connor Brown.
16:08 of 2nd period - Stopped by Jonathan Quick without a rebound.
16:09 of 2nd period - John Tavares wins face-off versus Jamie Benn in Blues zone.
16:20 of 2nd period - Snap shot by Oliver Bjorkstrand.
16:20 of 2nd period - Stopped by Jonathan Quick with a rebound.
16:22 of 2nd period - Wrist shot by Kyle Okposo.
16:22 of 2nd period - Stopped by Jonathan Quick with a rebound.
16:24 of 2nd period - Wrist shot by Oliver Bjorkstrand.
16:24 of 2nd period - Shot Misses the Net.
16:34 of 2nd period - Pavel Buchnevich is hit by Kailer Yamamoto and loses puck.
18:16 of 2nd period - Filip Forsberg is hit by Noel Acciari and loses puck.
18:35 of 2nd period - Snap shot by Evan Rodrigues.
18:35 of 2nd period - Deflect By Michael Bunting.
18:35 of 2nd period - Stopped by Marc-Andre Fleury with a rebound.
18:37 of 2nd period - Slapshot by Morgan Rielly.
18:37 of 2nd period - Shot Misses the Net.
18:39 of 2nd period - Snap shot by Dawson Mercer.
18:39 of 2nd period - Shot Misses the Net.
19:08 of 2nd period - Wrist shot by Patrik Laine.
19:08 of 2nd period - Shot Misses the Net.
19:35 of 2nd period - Minor Penalty to Juuso Valimaki for Holding.
19:36 of 2nd period - Jamie Benn wins face-off versus Lars Eller in Red Wings zone.
19:37 of 2nd period - Snap shot by Patrik Laine.
19:37 of 2nd period - Goal by Patrik Laine - Blues : 1 - Red Wings : 2.
19:38 of 2nd period - Jamie Benn wins face-off versus John Tavares in neutral zone.
19:45 of 2nd period - Backhand shot by Artturi Lehkonen.
19:45 of 2nd period - Shot Blocked by Oliver Bjorkstrand.
19:47 of 2nd period - Snap shot by Patrik Laine.
19:47 of 2nd period - Stopped by Marc-Andre Fleury without a rebound.
19:48 of 2nd period - Jamie Benn wins face-off versus John Tavares in Red Wings zone.
19:53 of 2nd period - Snap shot by Artturi Lehkonen.
19:53 of 2nd period - Shot Blocked by John Tavares.
19:55 of 2nd period - Wrist shot by Patrik Laine.
19:55 of 2nd period - Stopped by Marc-Andre Fleury with a rebound.
19:57 of 2nd period - Snap shot by Morgan Rielly.
19:57 of 2nd period - Shot Misses the Net.
19:59 of 2nd period - Slapshot by Morgan Rielly.
19:59 of 2nd period - Stopped by Marc-Andre Fleury with a rebound.
Goals for this period are 1 for Blues vs 1 for Red Wings.
Shots for this period are 9 for Blues vs 8 for Red Wings.

3rd period


0:01 of 3rd period - Marcus Johansson wins face-off versus Kyle Okposo in neutral zone.
0:14 of 3rd period - Snap shot by John Tavares.
0:14 of 3rd period - Stopped by Jonathan Quick without a rebound.
0:15 of 3rd period - Jamie Benn wins face-off versus Mark Scheifele in Blues zone.
0:31 of 3rd period - Snap shot by Artturi Lehkonen.
0:31 of 3rd period - Stopped by Marc-Andre Fleury without a rebound.
0:32 of 3rd period - Marcus Johansson wins face-off versus John Tavares in Red Wings zone.
0:59 of 3rd period - Artturi Lehkonen is hit by Mark Scheifele and loses puck.
1:10 of 3rd period - Snap shot by David Pastrnak.
1:10 of 3rd period - Stopped by Jonathan Quick with a rebound.
1:12 of 3rd period - Snap shot by Radko Gudas.
1:12 of 3rd period - Stopped by Jonathan Quick with a rebound.
1:28 of 3rd period - Dawson Mercer is hit by Kailer Yamamoto and loses puck.
1:48 of 3rd period - Off-side.
1:49 of 3rd period - John Tavares wins face-off versus Marcus Johansson in neutral zone.
2:45 of 3rd period - Snap shot by Michael Bunting.
2:45 of 3rd period - Stopped by Marc-Andre Fleury with a rebound.
3:03 of 3rd period - Snap shot by Zachary Sanford.
3:03 of 3rd period - Shot Blocked by Kailer Yamamoto.
3:42 of 3rd period - Icing by Filip Forsberg.
3:43 of 3rd period - John Tavares wins face-off versus Marcus Johansson in Blues zone.
3:48 of 3rd period - Snap shot by John Tavares.
3:48 of 3rd period - Goal by John Tavares - Blues : 1 - Red Wings : 3.
3:49 of 3rd period - John Tavares wins face-off versus Jamie Benn in neutral zone.
4:38 of 3rd period - Slapshot by Brett Pesce.
4:38 of 3rd period - Shot Blocked by Rasmus Ristolainen.
4:40 of 3rd period - Snap shot by David Pastrnak.
4:40 of 3rd period - Stopped by Jonathan Quick with a rebound.
4:42 of 3rd period - Wrist shot by Brett Pesce.
4:42 of 3rd period - Stopped by Jonathan Quick without a rebound.
4:43 of 3rd period - Jamie Benn wins face-off versus Mark Scheifele in Blues zone.
4:48 of 3rd period - Slapshot by David Pastrnak.
4:48 of 3rd period - Stopped by Jonathan Quick with a rebound.
4:50 of 3rd period - Slapshot by Radko Gudas.
4:50 of 3rd period - Stopped by Jonathan Quick without a rebound.
4:51 of 3rd period - Jamie Benn wins face-off versus Mark Scheifele in Blues zone.
4:51 of 3rd period - Jamie Benn is hit by Radko Gudas.
5:05 of 3rd period - Snap shot by David Pastrnak.
5:05 of 3rd period - Deflect By Mark Scheifele.
5:05 of 3rd period - Stopped by Jonathan Quick with a rebound.
5:07 of 3rd period - Slapshot by Dylan DeMelo.
5:07 of 3rd period - Shot Misses the Net.
5:31 of 3rd period - Slapshot by Pavel Buchnevich.
5:31 of 3rd period - Deflect By Kailer Yamamoto.
5:31 of 3rd period - Shot Misses the Net.
5:31 of 3rd period - Puck is out of play.
5:32 of 3rd period - Evan Rodrigues wins face-off versus John Tavares in Red Wings zone.
5:37 of 3rd period - Backhand shot by Dawson Mercer.
5:37 of 3rd period - Stopped by Marc-Andre Fleury without a rebound.
5:38 of 3rd period - John Tavares wins face-off versus Evan Rodrigues in Red Wings zone.
5:50 of 3rd period - Snap shot by Michael Bunting.
5:50 of 3rd period - Shot Misses the Net.
6:20 of 3rd period - Snap shot by Evan Rodrigues.
6:20 of 3rd period - Stopped by Marc-Andre Fleury without a rebound.
6:21 of 3rd period - Viktor Arvidsson wins face-off versus Marcus Johansson in Red Wings zone.
6:28 of 3rd period - Slapshot by Pavel Buchnevich.
6:28 of 3rd period - Stopped by Marc-Andre Fleury with a rebound.
6:52 of 3rd period - Snap shot by David Pastrnak.
6:52 of 3rd period - Goal by David Pastrnak - Blues : 1 - Red Wings : 4.
6:53 of 3rd period - Mark Scheifele wins face-off versus Jamie Benn in neutral zone.
6:58 of 3rd period - Slapshot by Mark Scheifele.
6:58 of 3rd period - Stopped by Jonathan Quick without a rebound.
6:59 of 3rd period - Jamie Benn wins face-off versus Mark Scheifele in Blues zone.
7:33 of 3rd period - Wrist shot by Marcus Johansson.
7:33 of 3rd period - Deflect By Pavel Buchnevich.
7:33 of 3rd period - Shot Misses the Net.
7:33 of 3rd period - Puck is out of play.
7:34 of 3rd period - John Tavares wins face-off versus Pavel Buchnevich in Red Wings zone.
7:39 of 3rd period - Wrist shot by Filip Forsberg.
7:39 of 3rd period - Stopped by Marc-Andre Fleury without a rebound.
7:40 of 3rd period - John Tavares wins face-off versus Marcus Johansson in Red Wings zone.
7:47 of 3rd period - Slapshot by Justin Holl.
7:47 of 3rd period - Shot Blocked by Jordie Benn.
8:29 of 3rd period - Wrist shot by Evan Rodrigues.
8:29 of 3rd period - Deflect By Michael Bunting.
8:29 of 3rd period - Stopped by Marc-Andre Fleury without a rebound.
8:30 of 3rd period - Evan Rodrigues wins face-off versus Mark Scheifele in Red Wings zone.
8:34 of 3rd period - Minor Penalty to Juuso Valimaki for Roughing.
8:35 of 3rd period - Lars Eller wins face-off versus Jamie Benn in Red Wings zone.
8:35 of 3rd period - Lars Eller is hit by Morgan Rielly.
9:12 of 3rd period - Snap shot by Filip Forsberg.
9:12 of 3rd period - Deflect By Marcus Johansson.
9:12 of 3rd period - Shot Blocked by Jeff Petry.
9:12 of 3rd period - Puck is out of play.
9:13 of 3rd period - Jamie Benn wins face-off versus Noel Acciari in Red Wings zone.
9:22 of 3rd period - Snap shot by Patrik Laine.
9:22 of 3rd period - Shot Misses the Net.
9:24 of 3rd period - Backhand shot by Neal Pionk.
9:24 of 3rd period - Shot Misses the Net.
9:26 of 3rd period - Wrist shot by Patrik Laine.
9:26 of 3rd period - Deflect By Pavel Buchnevich.
9:26 of 3rd period - Shot Misses the Net.
9:26 of 3rd period - Puck is out of play.
9:27 of 3rd period - Jamie Benn wins face-off versus Lars Eller in Red Wings zone.
9:30 of 3rd period - Snap shot by Patrik Laine.
9:30 of 3rd period - Shot Blocked by Dylan DeMelo.
10:34 of 3rd period - Penalty to Juuso Valimaki is over, Juuso Valimaki is back on ice.
10:48 of 3rd period - Neal Pionk is hit by Noel Acciari and loses puck.
11:28 of 3rd period - David Pastrnak is hit by Filip Forsberg and loses puck.
11:54 of 3rd period - Jack Johnson is hit by Jeff Petry and loses puck.
12:07 of 3rd period - Brett Pesce is hit by Derick Brassard and loses puck.
12:14 of 3rd period - Wrist shot by Derick Brassard.
12:14 of 3rd period - Shot Blocked by Connor Brown.
12:47 of 3rd period - Mark Scheifele is hit by Jamie Benn and loses puck.
13:28 of 3rd period - Wrist shot by Patrik Laine.
13:28 of 3rd period - Stopped by Marc-Andre Fleury with a rebound.
15:16 of 3rd period - Snap shot by Patrik Laine.
15:16 of 3rd period - Stopped by Marc-Andre Fleury without a rebound.
15:17 of 3rd period - John Tavares wins face-off versus Marcus Johansson in Red Wings zone.
15:17 of 3rd period - John Tavares is hit by Neal Pionk.
16:10 of 3rd period - Snap shot by Sonny Milano.
16:10 of 3rd period - Shot Misses the Net.
16:26 of 3rd period - Jordie Benn is hit by Dylan DeMelo and loses puck.
17:02 of 3rd period - Icing by Brett Pesce.
17:03 of 3rd period - Sonny Milano wins face-off versus Michael Carcone in Red Wings zone.
17:06 of 3rd period - Snap shot by Derick Brassard.
17:06 of 3rd period - Shot Blocked by Justin Holl.
17:08 of 3rd period - Wrist shot by Sonny Milano.
17:08 of 3rd period - Stopped by Marc-Andre Fleury without a rebound.
17:09 of 3rd period - John Tavares wins face-off versus Marcus Johansson in Red Wings zone.
17:09 of 3rd period - John Tavares is hit by Pavel Buchnevich.
18:03 of 3rd period - Minor Penalty to Torey Krug for Roughing.
18:04 of 3rd period - Lars Eller wins face-off versus Artturi Lehkonen in Blues zone.
18:57 of 3rd period - Icing by Connor Brown.
18:58 of 3rd period - John Tavares wins face-off versus Artturi Lehkonen in Red Wings zone.
19:23 of 3rd period - Oliver Bjorkstrand is hit by Neal Pionk.
Goals for this period are 0 for Blues vs 2 for Red Wings.
Shots for this period are 10 for Blues vs 11 for Red Wings.




Output by the SimonT Hockey Simulator (STHS) for Eric Tremblay - Original Page W3C HTML5 Valid
Hockey Simulator - Hockey Simulation - Hockey Manager